cohdb
Replays
Latest Replays
All Replays
Popular Replays
Top Player Replays
Match Explorer
How It Works
Community
CoH3 Stats
Reddit
Sign in to upload your games and track your stats! →
Sign in with Steam
Match 42363671
Unlisted
Match 42363671
Overview
Messages
Build Orders
End
Construct Barracks
Selects Heavy Weapons
Riflemen Squad
Riflemen Squad
M1 Mortar Team
Construct Weapon Support Center
Selects M2HB .50cal Heavy Machine Gun
M1919 Machine Gun Team
Air Support Center
Bazooka Squad
P-47 Dive Bomb
Construct Motor Pool
P-47 Strafing Run
M3 Armored Personnel Carrier
M1918 Browning Automatic Rifles
P-47 Dive Bomb
P-47 Strafing Run
M1 Anti-tank Gun Team
Grenade Package
Selects Rapid Reposition
Riflemen Squad
P-47 Strafing Run
P-47 Strafing Run
M24 Chaffee Light Tank
P-47 Dive Bomb
M3 Armored Personnel Carrier
aclbevo16
pete748
Thridi
Joraad
萨拉丁*陈
Wurf
0
0
Comments
sign in to comment!
No comments posted yet!